 Dungeon Crawl Stone Soup version 0.22.0-49-gab54619 (webtiles) character file.

205 Loudmushroom the Shield-Bearer (level 5, -12/33 HPs)
             Began as a Gargoyle Fighter on Sept 5, 2018.
             Killed by divine providence
             ... invoked by an orc priest
              (14 damage)
             ... on level 3 of the Dungeon.
             The game lasted 00:08:25 (2416 turns).

Loudmushroom the Shield-Bearer (Gargoyle Fighter)   Turns: 2416, Time: 00:08:25

Health: -12/33     AC: 16    Str: 21    XL:     5   Next: 83%
Magic:  5/5        EV:  5    Int:  8    God:
Gold:   89         SH:  9    Dex:  9    Spells: 4/4 levels left

rFire    . . .     SeeInvis .   a - +0 war axe
rCold    . . .     Gourm    .   c - +0 shield
rNeg     + . .     Faith    .   p - +0 chain mail
rPois    ∞         Spirit   .   (no helmet)
rElec    +         Reflect  .   (no cloak)
rCorr    .         Harm     .   w - +2 pair of gloves
MR       .....                  (no boots)
Stlth    ..........             (no amulet)
HPRegen  0.11/turn              k - ring of poison resistance
MPRegen  0.09/turn              (no ring)

@: no status effects
A: negative energy resistance 1, electricity resistance, unbreathing,
petrification resistance, rot immunity, AC +4
a: no special abilities


You were on level 3 of the Dungeon.
You were not hungry.

You visited 1 branch of the dungeon, and saw 3 of its levels.

You collected 89 gold pieces.

Inventory:

Hand Weapons
 a - a +0 war axe (weapon)
 g - a +0 spear
Missiles
 h - 2 throwing nets
 j - 16 bolts
 n - 49 stones
 u - 21 sling bullets
 v - 3 javelins (quivered)
Armour
 c - a +0 shield (worn)
 p - a +0 chain mail (worn)
 w - a +2 pair of gloves (worn)
Jewellery
 k - a ring of poison resistance (left hand)
Wands
 r - a wand of iceblast (9)
Scrolls
 b - a scroll of identify {unknown}
 e - 4 scrolls of remove curse {unknown}
 i - a scroll of noise {unknown}
 m - a scroll of magic mapping {unknown}
 o - a scroll of teleportation {unknown}
 s - a scroll of fear {unknown}
Potions
 d - a potion of might
 l - a potion of lignification {unknown}
 t - a potion of ambrosia {unknown}
Comestibles
 f - 2 rations
 q - 3 chunks of flesh


   Skills:
 + Level 4.2 Fighting
 * Level 3.6 Axes
 + Level 4.2 Armour
 + Level 4.3 Shields


You had 4 spell levels left.
You didn't know any spells.
Your spell library was empty.

Dungeon Overview and Level Annotations

Branches:
Dungeon (3/15)

Altars:
Makhleb


Innate Abilities, Weirdness & Mutations

You are resistant to torment.
Your stone body is resilient. (AC +4)
You are immune to poison.
You resist negative energy. (rN+)
You are resistant to electric shocks. (rElec)
You can survive without breathing.
You are immune to petrification.
You are immune to rotting.


Message History

The orc priest invokes the aid of Beogh against you.
You barely resist. You block the orc priest's attack.
The orc priest mumbles some strange prayers to Beogh against you.
Pain shoots through your body!
Things that are here:
an orc corpse x2
You block the orc priest's attack.
You closely miss the orc priest.
The orc priest invokes the aid of Beogh against you.
Beogh smites you!
* * * LOW HITPOINT WARNING * * *
You slash the orc priest!
The orc priest is heavily wounded.
The orc priest hits you with a trident.
* * * LOW HITPOINT WARNING * * *
Your chain mail prevents you from hitting the orc priest.
The orc priest is heavily wounded.
The orc priest mumbles some strange prayers to Beogh against you.
Beogh smites you!
You die...

.# .# .# .# .#
.# #.#####.#
#....o@.# #.#
######†## #.#
#[# #.# #.#
#.# #(# #.###
#(# #.#.## #(#
#######....##
#(#
............##
#(#


You could see an orc priest.

Vanquished Creatures
  An ogre (D:2)
  An orc priest (D:3)
  3 adders (D:2)
  A worm (D:2)
  3 dart slugs
  2 leopard geckos
  2 orcs (D:3)
  2 ball pythons
  4 bats
  4 giant cockroaches
  4 goblins
  5 hobgoblins
  10 kobolds
  A quokka (D:3)
  3 frilled lizards
  8 rats
54 creatures vanquished.

Notes
Turn   | Place    | Note
-------+----------+-------------------------------------------
     0 | D:1      | Loudmushroom the Gargoyle Fighter began the quest for the
                  | Orb.
     0 | D:1      | Reached XP level 1. HP: 14/14 MP: 1/1
   145 | D:1      | Reached XP level 2. HP: 19/19 MP: 2/2
   665 | D:1      | Reached XP level 3. HP: 23/23 MP: 3/3
   897 | D:2      | Found a burning altar of Makhleb.
  1189 | D:2      | Noticed an ogre
  1194 | D:2      | Killed an ogre
  1194 | D:2      | Reached XP level 4. HP: 27/29 MP: 4/4
  1194 | D:2      | Reached XP level 5. HP: 31/33 MP: 5/5
  1613 | D:2      | Found a faded altar of an unknown god.
  2416 | D:3      | Killed from afar by an orc priest

Skill      XL: |  1  2  3 |
---------------+----------+-----
Axes           | 2 3 |  3.6
Fighting       | 4 |  4.2
Armour         | 4 |  4.2
Shields        | 4 |  4.3

Action                   |  1- 3 |  4- 6 || total
-------------------------+-------+-------++-------
Melee: War axe           |   109 |   158 ||   267
  Eat: Chunk             |     1 |     4 ||     5
Armor: Scale mail        |    55 |    14 ||    69
       Chain mail        |       |    63 ||    63
Dodge: Dodged            |    47 |    41 ||    88
Block: Shield            |    61 |    91 ||   152
